 Dungeon Sprint DCSS version 0.28-a0-863-g8cecda6153 (webtiles) character file.

Game seed: 11918092089649711833

69 emperorscorpion the Magician (level 4, -4/31 HPs)
             Began as a Djinni Air Elementalist on Nov 17, 2021.
             Slain by a scorpion (9 damage)
             ... in the Dungeon (Sprint IX: "|||||||||||||||||||||||||||||").
             The game lasted 00:00:30 (108 turns).

emperorscorpion the Magician (DjAE)                  Turns: 108, Time: 00:00:31

Health: -4/31      AC:  2    Str:  7    XL:     4   Next: 42%
Gold:   0          EV: 13    Int: 18    God:
                   SH:  0    Dex: 13

rFire   + + .      SeeInvis .   (no weapon)
rCold   x . .      Faith    .   (no shield)
rNeg    . . .      Spirit   .   a - +0 robe
rPois   ∞          Reflect  .   (no helmet)
rElec   .          Harm     .   (no cloak)
rCorr   .          Rampage  .   (no gloves)
Will    .....      NoTele   +   (boots unavailable)
Stlth   ++........              (no amulet)
HPRegen 0.10/turn               (no ring)
MPRegen 0.00/turn               (no ring)

@: flying
A: sickness immunity, fire resistance 2, cold vulnerability 1, float, innate
caster, hp casting, extra vitality 1
a: no special abilities


You were in the Dungeon.
You visited 1 branch

Inventory:

Armour
 a - a +0 robe (worn)
Scrolls
 f - a scroll of blinking
Potions
 b - a potion of curing
 d - a potion of haste
 e - a potion of berserk rage


   Skills:
 + Level 0.5 Fighting
 + Level 4.0 Dodging
 + Level 2.5 Stealth
 + Level 5.7 Spellcasting


You had 3 spell levels left.
You knew the following spells:

 Your Spells              Type           Power      Damage    Failure   Level
a - Shock                 Conj/Air       100%       1d9       1%          1
b - Static Discharge      Conj/Air       25%        N/A       1%          2
c - Swiftness             Air            25%        N/A       3%          3
d - Airstrike             Air            12%        N/A       12%         4
e - Animate Skeleton      Necr           50%        N/A       1%          1
Your spell library was empty.

Dungeon Overview and Level Annotations

Branches:
Dungeon (1/1)

Altars:


Innate Abilities, Weirdness & Mutations

You are immune to sickness and miasma.
You are immune to poison.
Your flesh is very heat resistant. (rF++)
You are vulnerable to cold. (rC-)
You float through the air rather than walking.
You learn spells naturally, not from books.
Your magical power is your life essence.
You have superior vitality. (+4 HP)


Message History

The zap hits the jelly.
The jelly is severely wounded.
The zap misses the necrophage.
Your Dodging skill increases to level 3!
Your Stealth skill increases to level 2!
Your Spellcasting skill increases to level 4!
You have reached level 3!
Your experience leads to an increase in your attributes!
Increase (S)trength, (I)ntelligence, or (D)exterity?
You feel clever.
The power to cast Animate Skeleton wells up from within.
Spell assigned to 'e'.
Casting: Shock (safe; 1% risk of failure)
Confirm with . or Enter, or press ? or * to list all spells.
Aiming: Shock (safe; 1% risk of failure)
Press: ? - help, Shift-Dir - straight line, f - scorpion
Aim: a scorpion (heavily wounded, 74% to hit)
The zap hits the scorpion.
The scorpion is heavily wounded.
The zap hits the jelly!
You kill the jelly!
The zap hits the necrophage.
The necrophage is severely damaged.
The scorpion stings you!
* * * LOW HITPOINT WARNING * * *
Your Dodging skill increases to level 4!
Your Spellcasting skill increases to level 5!
You have reached level 4!
You feel clever.
Casting: Shock (safe; 1% risk of failure)
Confirm with . or Enter, or press ? or * to list all spells.
Aiming: Shock (safe; 1% risk of failure)
Press: ? - help, Shift-Dir - straight line, f/p - scorpion
Aim: a scorpion (heavily wounded, 74% to hit)
The zap hits the scorpion.
The scorpion is severely wounded.
The zap hits the necrophage.
The necrophage is almost destroyed.
* * * LOW HITPOINT WARNING * * *
The scorpion stings you!
You die... ▓▓▓▓▓▓▓▓▓▓▓▓▓▓▓▓▓▓ +.).n.s@††.†'...<▓ ▓▓▓▓▓▓▓▓▓▓▓▓▓▓▓▓▓▓

You could see a necrophage and a scorpion.

Vanquished Creatures
  A hound (D)
  A jelly (D)
  An orc (D)
  2 ball pythons (D)
  A giant cockroach (D)
  A jackal (D)
  A frilled lizard (D)
8 creatures vanquished.

Notes
Turn   | Place    | Note
-------+----------+-------------------------------------------
     0 | D        | emperorscorpion the Djinni Air Elementalist began the quest
                  | for the Orb.
     0 | D        | Reached XP level 1. HP: 15/15 MP: 0/0
     6 | D        | Reached skill level 3 in Spellcasting
     9 | D        | Reached XP level 2. HP: 14/21 MP: 0/0
   100 | D        | Noticed a necrophage
   100 | D        | Noticed a scorpion
   107 | D        | Reached skill level 4 in Spellcasting
   107 | D        | Reached XP level 3. HP: 14/26 MP: 0/0
   107 | D        | Learned a level 1 spell: Animate Skeleton
   108 | D        | Reached skill level 5 in Spellcasting
   108 | D        | Reached XP level 4. HP: 6/31 MP: 0/0
   108 | D        | Slain by a scorpion

Illustrated notes

Levels and vault maps discovered:
D:        linesprint [early_d, line_temple, items_1, d_10, items_2, lair_1,
          lair_end, items_3, orc_1, orc_end, items_4, d_15, swamp_1, shoals_1,
          snake_1, spider_1, d_20, vaults_1, items_5, swamp_end, shoals_end,
          snake_end, spider_end, vaults_end, d_27, items_6, zot_1, zot_end,
          crypt_end, forest_end, elf_end, slime_end, tomb_end, abyss_end,
          pan_hell_end]

Skill      XL: |  1  2  3 |
---------------+----------+-----
Spellcasting   | 3 4 5 |  5.7
Dodging        | 3 4 |  4.0
Stealth        | 2 |  2.5
Fighting       | |  0.5

Action                   |  1- 3 |  4- 6 || total
-------------------------+-------+-------++-------
 Cast: Shock             |    11 |     1 ||    12
  Use: Potion            |     1 |       ||     1
Armor: Robe              |     2 |       ||     2
Dodge: Dodged            |     3 |       ||     3

Table legend: (Time is in decaauts)
 A = Elapsed time spent in this place.
 B = Non-inter-level travel time spent in this place.
 C = Inter-level travel time spent in this place.
 D = Time resting spent in this place.
 E = Time spent auto-exploring this place.
 F = Levels seen in this place.
 G = Mean time per level.
                   A        B        C        D        E       F      G
               +--------+--------+--------+--------+--------+-----+--------+
         Total |    108 |    108 |      0 |     85 |      0 |   1 |  108.0 |
       Dungeon |    108 |    108 |      0 |     85 |      0 |   1 |  108.0 |
               +--------+--------+--------+--------+--------+-----+--------+

Top non-repeatable levels by time:
       D: 108 daAuts
